 Dungeon Crawl Stone Soup version 0.24-a0-545-gd1b266bae6 (webtiles) character file.

Game seed: 16129699993727503119

6484 Arang the Cleaver (level 10, -4/115 HPs)
             Began as a Demonspawn Berserker on Aug 18, 2019.
             Was an Elder of Trog.
             Slain by an orc warlord
             ... wielding a +2 great mace of holy wrath
              (16 damage)
             ... on level 1 of the Orcish Mines.
             The game lasted 00:18:08 (9741 turns).

Arang the Cleaver (Demonspawn Berserker)            Turns: 9741, Time: 00:18:08

Health: -4/115     AC: 17    Str: 25    XL:     10   Next: 68%
Magic:  10/10      EV:  4    Int: 10    God:    Trog [****..]
Gold:   411        SH: 17    Dex: 12    Spells: 9/9 levels left

rFire    . . .     SeeInvis .   I - +2 hand axe (chop)
rCold    . . .     Gourm    .   C - +0 large shield
rNeg     . . .     Faith    .   F - +0 plate armour
rPois    .         Spirit   .   (no helmet)
rElec    .         Reflect  .   (no cloak)
rCorr    .         Harm     .   n - +1 pair of gloves
MR       ++...                  (boots unavailable)
Stlth    ..........             r - amulet of magic regeneration
HPRegen  1.29/turn              B - ring of stealth
MPRegen  0.37/turn              E - ring of stealth

@: berserking (expiring), regenerating, lightly drained, very quick
A: talons 3, molten scales 1, nightstalker 2
a: Berserk, Trog's Hand, Brothers in Arms, Renounce Religion


You were on level 1 of the Orcish Mines.
You worshipped Trog.
Trog was greatly pleased with you.
You were very hungry.

You visited 2 branches of the dungeon, and saw 10 of its levels.
You also visited: Sewer.

You collected 573 gold pieces.
You spent 162 gold pieces at shops.

Inventory:

Hand Weapons
 a - a +5 war axe of freezing
 u - a +3 war axe
 I - a +2 hand axe of chopping (weapon)
Missiles
 f - 18 poisoned darts
 q - 9 boomerangs (quivered)
 z - 6 boomerangs of dispersal
Armour
 n - a +1 pair of gloves (worn)
 p - a +0 scale mail
 C - a +0 large shield (worn)
 F - a +0 plate armour (worn)
Jewellery
 l - a +2 ring of dexterity
 r - an amulet of magic regeneration (around neck)
 B - a ring of stealth (left hand)
 E - a ring of stealth (right hand)
Wands
 y - a wand of polymorph (3)
 A - a wand of flame (14)
 D - a wand of disintegration (14)
 H - a wand of random effects (13)
Scrolls
 h - 4 scrolls of blinking
 j - 7 scrolls of teleportation
 m - 2 scrolls of immolation
 t - a scroll of fear
 w - 3 scrolls of identify
Potions
 d - 3 potions of resistance
 e - 2 potions of cancellation {unknown}
 g - 4 potions of agility
 i - 8 potions of heal wounds
 k - 2 potions of haste {unknown}
 o - 3 potions of curing
 s - 2 potions of degeneration {unknown}
 v - a potion of invisibility {unknown}
 x - a potion of berserk rage {unknown}
 G - a potion of might {unknown}
 J - a potion of mutation {unknown}
Comestibles
 b - 9 chunks of flesh
 c - 22 rations


   Skills:
 + Level 6.8(6.6) Fighting
 + Level 9.3(9.1) Axes
 + Level 6.5(6.3) Armour
 - Level 1.7(1.6) Dodging
 - Level 0.2(0.1) Stealth
 * Level 8.6(8.4) Shields


You had 9 spell levels left.
You didn't know any spells.
Your spell library was empty.

Dungeon Overview and Level Annotations

Branches:
Dungeon (9/15)             Temple (0/1) D:6             Orc (1/2) D:9
   Lair: D:8-11

Altars:
Ashenzari
Hepliaklqana
Nemelex Xobeh
Sif Muna
Uskayaw
Vehumet
Xom
Zin

Shops:
D:4 ?   D:7 (   D:8 [

Annotations:
D:6 exclusions: door and 1 more exclusion


Innate Abilities, Weirdness & Mutations

You have claws for feet.
You are partially covered in molten scales. (AC +2)
You are significantly more attuned to the shadows.


Message History

The orc warrior hits you from afar with a +0 trident!!
* * * LOW HITPOINT WARNING * * *
The orc warlord hits you but does no damage.
You block the orc warrior's attack.
You slash the orc warlord!
You claw the orc warlord, but do no damage.
The orc warlord is severely wounded.
You barely miss the orc warrior.
The orc priest calls upon Beogh to heal the orc warlord.
The orc warlord is healed somewhat.
Unknown command.
You hit the orc warlord. You claw the orc warlord.
The orc warlord is almost dead.
Your shield and plate armour prevent you from hitting the orc warrior.
You block the orc warrior's attack. The orc warrior barely misses you.
You block the orc warrior's attack.
The orc warlord hits you with a +2 great mace of holy wrath!
* * * LOW HITPOINT WARNING * * *
You convulse!
You die...

#....... ##
..#..........###.#
.............##...
#.................
##.................
##.O.........)......
##.#.oo.....#.).)...<
##..)o...#............
#....@oo###.##.###....
##..[.)..#####.##.....
##.###.####....##....
##)....##......#....
#.....####.##.###.##
#...### ####.#####
....# #...# #.....
##.## ....... ###


You could see an orc warlord, 3 orc warriors, an ogre and an orc priest.

Vanquished Creatures
  2 two-headed ogres
  2 trolls
  A spriggan (D:7)
  Purgy (Sewer)
  An ice beast (D:5)
  A black bear (D:8)
  2 phantoms
  4 sky beasts
  4 ogres
  5 orc warriors
  5 centaurs
  Blork the orc (D:4)
  7 bullfrogs
  A wyvern skeleton (D:9)
  4 killer bees
  9 wights
  3 howler monkeys
  3 crimson imps
  3 bullfrog zombies (D:5)
  A centaur zombie (D:9)
  3 centaur skeletons
  A jelly (D:6)
  4 orc priests
  5 hounds
  3 iguanas
  Natasha (thrice) (D:4)
  3 orc wizards
  8 worker ants
  A hound zombie (D:6)
  A worker ant zombie (D:9)
  Robin (D:4)
  12 adders
  4 gnolls (D:5)
  5 shadow imps
  An ooze (D:1)
  3 worms
  A dart slug (D:1)
  8 leopard geckos
  26 orcs
  3 ball pythons
  7 bats
  9 giant cockroaches
  19 goblins
  11 hobgoblins
  7 jackals
  3 frilled lizards
  12 kobolds
  3 leopard gecko skeletons
  5 rats
  A bush (D:1)
233 creatures vanquished.

Notes
Turn   | Place    | Note
-------+----------+-------------------------------------------
     0 | D:1      | Arang the Demonspawn Berserker began the quest for the Orb.
     0 | D:1      | Reached XP level 1. HP: 18/18 MP: 1/1
   141 | D:1      | Reached skill level 3 in Axes
   142 | D:1      | Gained mutation: You have sharp toenails. [demonic
                  | ancestry]
   142 | D:1      | Reached XP level 2. HP: 14/24 MP: 2/2
   606 | D:1      | Gained mutation: You have razor-sharp toenails. [demonic
                  | ancestry]
   606 | D:1      | Reached XP level 3. HP: 24/29 MP: 3/3
  1195 | D:2      | Found a sparkling altar of Nemelex Xobeh.
  1229 | D:2      | Gained mutation: You are slightly more attuned to the
                  | shadows. [demonic ancestry]
  1229 | D:2      | Reached XP level 4. HP: 34/37 MP: 4/4
  1253 | D:2      | Reached ** piety under Trog
  1380 | D:2      | Reached skill level 4 in Axes
  1414 | D:2      | Noticed a +0 dagger
  1415 | D:2      | Noticed a -2 hand axe
  1435 | D:2      | Found a hide-covered altar of Uskayaw.
  2279 | D:3      | Found a glowing silver altar of Zin.
  2747 | D:3      | Reached XP level 5. HP: 42/42 MP: 5/5
  2900 | D:4      | Noticed Natasha
  2904 | D:4      | Killed Natasha
  2905 | D:4      | Found Goapir's Magic Scroll Shop.
  2934 | D:4      | Noticed Robin
  2937 | D:4      | Reached *** piety under Trog
  2938 | D:4      | Killed Robin
  2953 | D:4      | Found a glowing drain.
  2998 | D:4      | Reached skill level 5 in Axes
  3012 | D:4      | Noticed Natasha
  3019 | D:4      | Killed Natasha
  3019 | D:4      | Gained mutation: You are partially covered in molten
                  | scales. (AC +2) [demonic ancestry]
  3019 | D:4      | Reached XP level 6. HP: 37/48 MP: 6/6
  3084 | Sewer    | Entered a sewer
  3159 | Sewer    | Noticed Purgy
  3162 | Sewer    | Killed Purgy
  3355 | D:4      | Noticed Natasha
  3363 | D:4      | Killed Natasha
  3422 | D:4      | Noticed Blork the orc
  3434 | D:4      | Killed Blork the orc
  3434 | D:4      | Gained mutation: You are significantly more attuned to the
                  | shadows. [demonic ancestry]
  3434 | D:4      | Reached XP level 7. HP: 55/55 MP: 7/7
  3575 | D:4      | Reached skill level 6 in Axes
  3676 | D:5      | Entered Level 5 of the Dungeon
  3709 | D:5      | Found a radiant altar of Vehumet.
  3784 | D:5      | Reached skill level 5 in Fighting
  3832 | D:5      | Reached **** piety under Trog
  4029 | D:5      | Reached skill level 1 in Shields
  4045 | D:5      | Gained mutation: You have claws for feet. [demonic
                  | ancestry]
  4045 | D:5      | Reached XP level 8. HP: 30/62 MP: 8/8
  4384 | D:5      | Reached skill level 7 in Axes
  4430 | D:5      | Found a shimmering altar of Xom.
  4980 | D:6      | Found a shimmering altar of Xom.
  5154 | D:6      | Found a staircase to the Ecumenical Temple.
  5422 | D:6      | Reached skill level 5 in Armour
  5422 | D:6      | Reached XP level 9. HP: 43/68 MP: 9/9
  5465 | D:6      | Found a shattered altar of Ashenzari.
  5512 | D:6      | Found a shimmering blue altar of Sif Muna.
  5754 | D:7      | Found a shimmering altar of Xom.
  6055 | D:7      | Reached skill level 5 in Shields
  6158 | D:7      | Found Resownuod's Antique Weapon Boutique.
  6161 | D:7      | Bought a runed hand axe for 162 gold pieces
  6201 | D:7      | Reached skill level 8 in Axes
  7132 | D:8      | Found Jiuxiq's Antique Armour Boutique.
  8112 | D:8      | Noticed a two-headed ogre
  8142 | D:8      | Killed a two-headed ogre
  8142 | D:8      | Received a gift from Trog
  8142 | D:8      | Reached XP level 10. HP: 45/76 MP: 10/10
  8801 | D:9      | Noticed a two-headed ogre
  8807 | D:9      | Killed a two-headed ogre
  8818 | D:9      | Reached skill level 9 in Axes
  9255 | D:9      | Found a staircase to the Orcish Mines.
  9418 | D:9      | Found a hazy altar of Hepliaklqana.
  9462 | Orc:1    | Entered Level 1 of the Orcish Mines
  9533 | Orc:1    | Reached ***** piety under Trog
  9724 | Orc:1    | Noticed an orc warlord
  9741 | Orc:1    | Slain by an orc warlord

Levels and vault maps discovered:
D:1:      dpeg_arrival_signposts, layout_basic, lexackson_kobold_supper
D:2:      layout_basic, nicolae_overflow_crystal_walls, dancing_weapons_uskayaw
D:3:      minmay_general_purpose_star, layout_basic, zin_statuary,
          nicolae_overflow_hidden_temple, first_ration
D:4:      layout_cave_pools, gup_sewer_entry_glass, serial_shops,
          shop_fountains, uniq_blork_the_orc, uniq_robin, uniq_natasha
D:5:      layout_loops_ring, tgw_xom, hangedman_decor_slide_cut,
          vehumet_altar_wand_db
D:6:      layout_loops_ring, led_sif_book, evilmike_ruin_ashenzari,
          minmay_temple_entry_large_hall, basic_altar, patterned_corridor
D:7:      layout_loops_ring, serial_shops, nicolae_shop_behind_doors,
          basic_altar, the_bakery, minmay_puff
D:8:      layout_layer_cave, serial_shops, shop, kennysheep_decorative_pillar
D:9:      layout_cross, overflow_temple_1_default, david_orc_2
Orc:1:    nicolae_orc_accident_1, layout_caves, serial_shops, shop, shop, shop

Skill      XL: |  1  2  3  4  5  6  7  8  9 10 |
---------------+-------------------------------+-----
Axes           | 3 4 5 6 7 8 9 |  9.3
Armour         | 2 3 4 5 6 |  6.5
Fighting       | 4 5 6 |  6.8
Shields        | 1 4 7 8 |  8.6
Dodging        | |  1.7
Stealth        | |  0.2

Action                   |  1- 3 |  4- 6 |  7- 9 | 10-12 || total
-------------------------+-------+-------+-------+-------++-------
Melee: Hand axe          |   111 |   116 |   385 |   162 ||   774
       Kick              |    41 |    25 |   102 |    52 ||   220
Invok: Berserk           |     1 |     3 |     2 |     4 ||    10
       Trog's Hand       |       |       |     2 |     3 ||     5
       Brothers in Arms  |       |       |       |     1 ||     1
  Use: Scroll            |       |     8 |     4 |       ||    12
       Potion            |       |       |       |     1 ||     1
 Stab: Sleeping          |       |     1 |     9 |       ||    10
       Distracted        |       |       |     1 |       ||     1
  Eat: Chunk             |     2 |    10 |    13 |     7 ||    32
       Ration            |       |       |     1 |     1 ||     2
Armor: Animal skin       |    16 |     3 |       |       ||    19
       Scale mail        |       |    47 |   116 |       ||   163
       Plate armour      |       |       |       |    47 ||    47
Dodge: Dodged            |    49 |    49 |    80 |    18 ||   196
Block: Large shield      |       |       |   253 |   118 ||   371

Table legend:
 A = Non-vault XP
 B = Vault XP
 C = Vault XP percentage of total XP
 D = Non-vault monster count
 E = Vault monster count
 F = Vault count percentage of total count
                 A         B        C        D         E       F
            +---------+---------+-------+---------+---------+-------
      Total |    8293 |     971 |  10.5 |     182 |      50 |  21.6
            +---------+---------+-------+---------+---------+-------
        D:1 |      36 |      14 |  28.0 |      17 |       8 |  32.0
        D:2 |      94 |       0 |   0.0 |      13 |       0 |   0.0
        D:3 |      47 |       9 |  16.1 |      17 |       5 |  22.7
        D:4 |     358 |     215 |  37.5 |      13 |      20 |  60.6
        D:5 |     909 |       2 |   0.2 |      24 |       1 |   4.0
        D:6 |    1016 |       0 |   0.0 |      31 |       0 |   0.0
        D:7 |     447 |     298 |  40.0 |       9 |       3 |  25.0
        D:8 |    1955 |     133 |   6.4 |      23 |       1 |   4.2
        D:9 |    2662 |     151 |   5.4 |      23 |       6 |  20.7
      Orc:1 |     769 |       0 |   0.0 |      12 |       0 |   0.0
      Sewer |       0 |     149 | 100.0 |       0 |       6 | 100.0
            +---------+---------+-------+---------+---------+-------
